 Dungeon Crawl Stone Soup version 0.20.1-1-g8b1a95d (webtiles) character file.

49 karf the Skirmisher (level 3, -12/29 HPs)
             Began as a Demonspawn Fighter on Oct 30, 2017.
             Killed by divine providence
             ... invoked by an orc priest
              (16 damage)
             ... on level 2 of the Dungeon.
             The game lasted 00:06:19 (1225 turns).

karf the Skirmisher (Demonspawn Fighter)            Turns: 1225, Time: 00:06:19

Health: -12/29     AC:  6    Str: 21    XL:     3   Next: 51%
Magic:  3/3        EV:  7    Int:  9    God:
Gold:   84         SH: 10    Dex: 13    Spells: 2/2 levels left

rFire    . . .     SeeInvis .   q - -2 hand axe (curse)
rCold    . . .     Gourm    .   c - +1 shield
rNeg     . . .     Faith    .   b - +0 scale mail
rPois    .         Spirit   .   (no helmet)
rElec    .         Reflect  .   (no cloak)
rCorr    .         Harm     .   (no gloves)
MR       .....                  (no boots)
Stlth    ..........             n - amulet of regeneration
Regen    0.5/turn               (no ring)
MPRegen  0.1/turn               (no ring)

@: mighty
A: spiny 1
a: no special abilities


You were on level 2 of the Dungeon.
You were not hungry.

You visited 1 branch of the dungeon, and saw 3 of its levels.

You collected 84 gold pieces.

Inventory:

Hand Weapons
 a - a +0 long sword
 p - a +0 falchion
 q - a cursed -2 hand axe (weapon)
Armour
 b - a +0 scale mail (worn)
 c - a +1 shield (worn)
Jewellery
 n - an amulet of regeneration (around neck)
Scrolls
 k - 2 scrolls of identify
Potions
 h - a potion of lignification {unknown}
 i - 3 potions of curing
 j - a potion of heal wounds {unknown}
Comestibles
 f - 2 bread rations
 m - a royal jelly


   Skills:
 + Level 3.3 Fighting
 * Level 2.5 Long Blades
 + Level 2.9 Armour
 + Level 3.2 Shields


You had 2 spell levels left.
You didn't know any spells.

Dungeon Overview and Level Annotations

Branches:
Dungeon (3/15)

Altars:
Elyvilon
Okawaru
Sif Muna
Yredelemnul
Zin

Annotations:
D:3 Robin


Innate Abilities, Weirdness & Mutations

You are partially covered in sharp spines.


Message History

The orc is heavily wounded.
You block the orc's attack.
You closely miss the orc.
The orc is heavily wounded.
You block the orc's attack. The orc hits you but does no damage.
You hit the orc.
You kill the orc!
You block the goblin's attack.
You miss the goblin.
The orc priest calls down the wrath of Beogh upon you.
Beogh smites you!
* * * LOW HITPOINT WARNING * * *
The goblin is struck by your spines. The goblin barely misses you.
You barely miss the goblin.
The goblin is heavily wounded.
You block the goblin's attack.
The orc priest calls down the wrath of Beogh upon you.
Beogh smites you!
Ouch! That really hurt!
You die...

#.# #.*#..##........#
..###.##..##........#
.......#........>...#
#####..##...........#
##......._.......#.##
........###...#..#.#
...............oo#.#
##.##...####..##g#.# ...##..##
#..##@#.########
####...#####..##.#........#######
####..#....>..##.########.##(....
........####.###.# #)##.####
####.#### #.#*#.# #.##.# # #.#
#..,..# #.##.#### #.# *,,*###
#<##.##.. #.# *..# ##.##..>.#
####.#####*#..# #.........


You could see an orc priest, an orc and a goblin.

Vanquished Creatures
  An adder (D:2)
  An ooze (D:1)
  2 orcs (D:2)
  2 ball pythons (D:2)
  A giant cockroach (D:2)
  4 goblins (D:1)
  3 hobgoblins
  4 jackals (D:1)
  2 kobolds (D:2)
  6 bats
  4 frilled lizards
  3 rats
33 creatures vanquished.

Notes
Turn   | Place    | Note
-------+----------+-------------------------------------------
     0 | D:1      | karf the Demonspawn Fighter began the quest for the Orb.
     0 | D:1      | Reached XP level 1. HP: 18/18 MP: 1/1
   238 | D:1      | Gained mutation: You are partially covered in sharp spines. [demonic ancestry]
   238 | D:1      | Reached XP level 2. HP: 24/24 MP: 2/2
   752 | D:2      | Found a white marble altar of Elyvilon.
   767 | D:2      | Reached XP level 3. HP: 26/29 MP: 3/3
   959 | D:2      | Found a glowing silver altar of Zin.
   999 | D:2      | Found an iron altar of Okawaru.
  1030 | D:2      | Found a basalt altar of Yredelemnul.
  1063 | D:2      | Found a deep blue altar of Sif Muna.
  1203 | D:2      | You fall through a shaft!
  1208 | D:3      | Noticed Robin
  1225 | D:2      | Killed from afar by an orc priest

Skill      XL: |  1  2 |
---------------+-------+-----
Shields        | 3 |  3.2
Long Blades    | 2 |  2.5
Fighting       | |  3.3
Armour         | |  2.9

Action                   || total
-------------------------++-------
Melee: Long sword        ||    61
       Hand axe          ||    16
  Use: Scroll            ||     5
       Potion            ||     1
  Eat: Chunk             ||     1
Armor: Scale mail        ||    50
Dodge: Dodged            ||    14
Block: Shield            ||    52
       Rpst.: Long sword ||     3
